 Dungeon Crawl Stone Soup version 0.31-a0-229-g1fc7ce93e2 (webtiles) character file.

Game seed: 9979563117435274772

153 qw the Shooter (level 5, 0/30 HPs)
             Began as a Gargoyle Hexslinger on July 6, 2023.
             Slain by an orc wizard
             ... wielding a +0 dagger
              (3 damage)
             ... on level 3 of the Dungeon.
             The game lasted 00:00:43 (1801 turns).

qw the Shooter (Gargoyle Hexslinger)                Turns: 1801, Time: 00:00:43

Health: 0/30       AC:  8    Str: 11    XL:     5   Next: 35%
Magic:  6/6        EV: 11    Int: 14    God:
Gold:   103        SH:  0    Dex: 14    Spells: 5/6 levels left

rFire   . . .        Y - +1 sling
rCold   . . .        (no shield)
rNeg    + . .        e - +0 leather armour
rPois   inf          (no helmet)
rElec   +            (no cloak)
rCorr   .            f - +0 pair of gloves
SInv    .            (no boots)
Will    .....        i - amulet of faith
Stlth   +            (no ring)
HPRegen 0.25/turn    (no ring)
MPRegen 0.10/turn

%: faith
@: about to teleport
A: sickness immunity, AC +4, negative energy resistance 1, electricity
resistance, torment resistance 1, petrification resistance
a: no special abilities


You were on level 3 of the Dungeon.
You visited 1 branch of the dungeon, and saw 3 of its levels.

You collected 103 gold pieces.


Innate Abilities, Weirdness & Mutations

You are immune to sickness and miasma.
Your stone body is resilient. (AC +4)
You are immune to poison.
You resist negative energy. (rN+)
You are resistant to electric shocks. (rElec)
You are resistant to unholy torment.
You are immune to petrification.


   Skills:
 + Level 2.3 Fighting
 - Level 5.0 Ranged Weapons
 - Level 1.5 Dodging
 - Level 1.0 Spellcasting
 - Level 2.6 Hexes


You had 5 spell levels left.
You knew the following spells:

 Your Spells              Type           Power      Damage    Failure   Level
a - Slow                  Hex            32%        N/A       12%         1

Your spell library contained the following spells:

 Spells                   Type           Power      Damage    Failure   Level
 Inner Flame              Hex/Fire       4%         N/A       52%         3
 Portal Projectile        Hex/Tloc       8%         N/A       52%         3
 Cause Fear               Hex            4%         N/A       75%         4

Inventory:

Hand Weapons
 Y - a +1 sling (weapon)
Armour
 e - a +0 leather armour (worn)
 f - a +0 pair of gloves (worn)
Jewellery
 i - an amulet of faith (around neck)
Scrolls
 b - 2 scrolls of identify
 j - a scroll of silence {unknown}
Potions
 c - a potion of enlightenment
 d - a potion of heal wounds {unknown}
 g - a potion of cancellation {unknown}
 h - a potion of degeneration {unknown}

Dungeon Overview and Level Annotations

Branches:
Dungeon (3/15)

Altars:


Message History

Enter note:
Enter note:
Enter note:
Enter note:
Enter note: You shoot a sling bullet.
The sling bullet closely misses the orc wizard.
The sling bullet hits the orc.
The orc is lightly wounded.
The orc wizard points at you and mumbles some strange words.
You resist with some effort.
You shoot a sling bullet. The sling bullet misses the orc wizard.
The sling bullet hits the orc.
The orc is severely wounded.
The orc wizard hits you but does no damage.
The orc hits you but does no damage.
You shoot a sling bullet.
The sling bullet barely misses the orc wizard.
The sling bullet barely misses the orc.
The orc wizard points at you and mumbles some strange words.
You are confused.
The orc hits you but does no damage.
The orc wizard gestures at you while chanting.
The magic dart hits you. The orc hits you with a +0 falchion.
The orc priest invokes the aid of Beogh against you.
Beogh smites you! The orc wizard misses you.
The orc hits you with a +0 falchion.
The orc wizard points at you and mumbles some strange words.
The magic dart hits you. The orc barely misses you.
The orc hits you but does no damage. The orc wizard barely misses you.
The orc barely misses you.
You feel less confused.
The orc priest mumbles some strange prayers to Beogh against you.
Beogh smites you! The orc wizard misses you.
The orc hits you but does no damage.
1801 ||| READING scroll of teleportation.
As you read the scroll of teleportation, it crumbles to dust.
You feel strangely unstable.
The orc wizard hits you with a +0 dagger.
You die...

#.[. ........#.# .
#...# ..........
.##...# ..).......
.##...# .......%.#
.##.#.# .........#
(##.#.# ......oo.
.##.#.## .....ooo#
.##.#..#########@#
....#............#
...........####.##
.......##### #.#
##..##.# #.#
#..##.# #.#
##..##.# #.#
....##.## #.#
###.#...#######.#


You could see an orc priest, an orc wizard and 3 orcs.

Vanquished Creatures
  A scorpion (D:2)
  4 adders (D:2)
  2 worms
  2 orcs (D:3)
  4 ball pythons
  8 endoplasms
  3 giant cockroaches
  6 hobgoblins
  3 jackals (D:1)
  A kobold (D:1)
  2 quokkas (D:1)
  2 bats (D:2)
  A frilled lizard (D:1)
  4 goblins
  2 rats
45 creatures vanquished.

Notes
Turn   | Place    | Note
-------+----------+-------------------------------------------
     0 | D:1      | qw the Gargoyle Hexslinger began the quest for the Orb.
     0 | D:1      | Reached XP level 1. HP: 12/12 MP: 2/2
     0 | D:1      | 0 ||| qw: Version: 0.3-a-46-gb1f654a
     0 | D:1      | 0 ||| qw: Game counter: 1358
     0 | D:1      | 0 ||| qw: Melee chars always use a shield: true
     0 | D:1      | 0 ||| qw: God list: Okawaru
     0 | D:1      | 0 ||| qw: Allow faded altars: false
     0 | D:1      | 0 ||| qw: Do Orc after clearing Dungeon:15 true
     0 | D:1      | 0 ||| qw: Do second Lair branch before Depths: true
     0 | D:1      | 0 ||| qw: Lair rune preference: random
     0 | D:1      | 0 ||| qw: Goals: Normal
     0 | D:1      | 0 ||| PLANNING D:1-11
   301 | D:1      | Reached XP level 2. HP: 16/16 MP: 3/3
   412 | D:1      | Reached skill level 3 in Ranged Weapons
   708 | D:1      | Reached XP level 3. HP: 20/21 MP: 4/4
   871 | D:1      | 871 ||| UPGRADING to +0 leather armour.
   881 | D:1      | 881 ||| DROPPING +0 robe.
   882 | D:1      | 882 ||| READING scroll labelled HONWOC GAJ.
   885 | D:1      | 885 ||| READING scroll labelled KENIOR JUBLU.
   886 | D:1      | 886 ||| DROPPING scroll of poison.
  1037 | D:2      | Reached XP level 4. HP: 23/26 MP: 5/5
  1106 | D:2      | Reached skill level 4 in Ranged Weapons
  1426 | D:2      | 1426 ||| UPGRADING to +0 pair of gloves.
  1431 | D:2      | 1431 ||| UPGRADING to amulet of faith.
  1436 | D:2      | 1436 ||| READING 3 scrolls of identify.
  1436 | D:2      | 1436 ||| IDENTIFYING smoky purple potion
  1437 | D:2      | 1437 ||| READING 2 scrolls of identify.
  1437 | D:2      | 1437 ||| IDENTIFYING fuming green potion
  1438 | D:2      | 1438 ||| DROPPING potion of ambrosia.
  1461 | D:3      | Noticed a scorpion
  1471 | D:3      | 1471 ||| STAIRDANCE
  1476 | D:2      | Killed a scorpion
  1477 | D:2      | Reached skill level 5 in Ranged Weapons
  1477 | D:2      | Reached XP level 5. HP: 22/30 MP: 6/6
  1789 | D:3      | 1789 ||| Stepping ~*~*~tactically~*~*~ (outnumbered).
  1800 | D:3      | HP: 2/30 [orc priest/divine providence (11)]
  1801 | D:3      | 1801 ||| READING scroll of teleportation.
  1801 | D:3      | Slain by an orc wizard

Levels and vault maps discovered:
D:1:      kilobyte_arrival_exit_the_forest, layout_loops_corners,
          minmay_misc_feat_chi
D:2:      layout_rooms, kennysheep_cluttered_room
D:3:      cheibrodos_pilgrimage, layout_loops_ring,
          nicolae_qazlal_scattered_showers, minmay_box_of_dots

Skill      XL: |  1  2  3  4 |
---------------+-------------+-----
Ranged Weapons | 3 5 |  5.0
Fighting       | 2 |  2.3
Dodging        | |  1.5
Spellcasting   | |  1.0
Hexes          | |  2.6

Action                     |  1- 3 |  4- 6 || total
---------------------------+-------+-------++-------
   Fire: Sling             |   101 |    67 ||   168
    Use: Scroll            |     2 |     3 ||     5
 Armour: Robe              |    10 |       ||    10
         Leather armour    |    12 |    25 ||    37
  Dodge: Dodged            |    40 |    30 ||    70

Table legend:
 A = Non-vault XP
 B = Vault XP
 C = Vault XP percentage of total XP
 D = Non-vault monster count
 E = Vault monster count
 F = Vault count percentage of total count
                 A         B        C        D         E       F
            +---------+---------+-------+---------+---------+-------
      Total |     204 |      15 |   6.8 |      40 |       5 |  11.1
            +---------+---------+-------+---------+---------+-------
        D:1 |      35 |       0 |   0.0 |      19 |       0 |   0.0
        D:2 |     167 |       0 |   0.0 |      20 |       0 |   0.0
        D:3 |       2 |      15 |  88.2 |       1 |       5 |  83.3
            +---------+---------+-------+---------+---------+-------
